 Dungeon Crawl Stone Soup version 0.16.1-30-g34a7ffa (webtiles) character file.

238 Jb9000 the Ducker (level 5, -2/46 HPs)
             Began as a Draconian Berserker on June 18, 2015.
             Was a Believer of Trog.
             Slain by a wight
             ... wielding a cursed +0 short sword
              (3 damage)
             ... on level 6 of the Dungeon.
             The game lasted 00:13:27 (1990 turns).

Jb9000 the Ducker (Draconian Berserker)             Turns: 1990, Time: 00:13:27

Health: -2/46      AC:  5    Str: 19      XL:     5   Next: 78%
Magic:  3/5        EV:  9    Int:  7      God:    Trog [**....]
Gold:   103        SH:  7    Dex:  8 (12) Spells: 0 memorised, 4 levels left

rFire  . . .     SeeInvis .     e - +2 dagger (venom)
rCold  . . .     Clarity  .     (armour unavailable)
rNeg   . . .     SustAb   .     i - +0 shield
rPois  .         Gourm    .     (helmet restricted)
rElec  .         Spirit   .     (no cloak)
rCorr  .         Warding  .     (no gloves)
rMut   .         Rnd*Tele +     (no boots)
MR     .....                    (no amulet)
Stlth  +.........               (no ring)
                                o - ring of teleportation (curse)

@: exhausted, slowed, drained, very slow, not resistant to hostile enchantments,
very unstealthy
A: unfitting armour, cold-blooded, AC +5
a: Burn Spellbooks, Berserk, Trog's Hand, Renounce Religion, Evoke Teleportation


You were on level 6 of the Dungeon.
You worshipped Trog.
Trog was pleased with you.
You were not hungry.

You visited 1 branch of the dungeon, and saw 4 of its levels.

You collected 103 gold pieces.

Inventory:

Hand weapons
 a - a +1 falchion
 e - a +2 dagger of venom (weapon)
Missiles
 g - 12 arrows
 k - 43 sling bullets
Armour
 d - a cursed +0 robe
 i - a +0 shield (worn)
 l - a cursed +0 shield
Jewellery
 o - a cursed ring of teleportation (left hand)
Magical devices
 b - a wand of flame (16)
Scrolls
 q - a scroll of teleportation
Potions
 h - a potion of curing
 n - a potion of poison
Comestibles
 c - 4 bread rations
 f - 2 meat rations
 j - a fruit
 m - a chunk of flesh


   Skills:
 + Level 4.2(3.1) Fighting
 + Level 3.6(2.6) Long Blades
 + Level 4.5(3.5) Dodging
 + Level 1.3(0.3) Stealth
 + Level 1.6(0.6) Shields
 + Level 0.2(0.0) Evocations


You had 4 spell levels left.
You didn't know any spells.

Dungeon Overview and Level Annotations

Branches:
Dungeon (6/15)
 Temple: D:4-7

Altars:
Dithmenos
Elyvilon
Nemelex Xobeh
Qazlal
Sif Muna
Zin


Innate Abilities, Weirdness & Mutations

Your plain brown scales are hard (AC +5).
Your body does not fit into most forms of armour.
Your cold-blooded metabolism reacts poorly to cold.


Message History

You start resting.
Your surroundings suddenly seem different.
You are no longer berserk.
You are exhausted.
You feel yourself slow down.
You are feeling very hungry.
Found a silver wand.
Found a stone staircase leading up.
Eat one of 2 chunks of flesh? (ye/n/q/i?) This raw flesh tastes terrible.
You continue eating. x2
You block the wight's attack. The wight barely misses you.
You see here a silver wand.
b - a wand of flame The wight hits you with a short sword!
* * * LOW HITPOINT WARNING * * *
You feel drained.
* * * LOW HITPOINT WARNING * * *
Unknown command.
The wight hits you with a short sword.
You die...

## #. #. ≈.≈ #.
≈≈≈≈≈≈...###.#####.##
♣≈≈≈≈≈≈≈≈P....z@....<#
≈≈.≈≈≈≈.≈♣♣.######.####
≈≈≈≈≈≈≈≈.Pz.# #
♣≈≈≈≈≈.≈≈..# ♣..P.5P..#
#.....z.# +.......+
#....)..# ####z####


You could see a wight.

Vanquished Creatures
  A scorpion (D:6)
  A wight (D:6)
  A crimson imp (D:6)
  5 adders (D:2)
  3 worms
  An ooze (D:2)
  A giant gecko (D:2)
  3 giant cockroaches (D:1)
  7 goblins
  3 hobgoblins
  6 kobolds
  7 bats
  3 giant newts
  3 jackals
  6 rats
51 creatures vanquished.

Notes
Turn   | Place    | Note
--------------------------------------------------------------
     0 | D:1      | Jb9000, the Draconian Berserker, began the quest for the Orb.
     0 | D:1      | Reached XP level 1. HP: 19/19 MP: 1/1
   133 | D:1      | Found a sparkling altar of Nemelex Xobeh.
   316 | D:1      | Reached XP level 2. HP: 23/26 MP: 2/2
  1037 | D:2      | Reached XP level 3. HP: 31/33 MP: 3/3
  1102 | D:2      | Found a deep blue altar of Sif Muna.
  1405 | D:2      | Found a glowing silver altar of Zin.
  1413 | D:2      | Reached XP level 4. HP: 38/40 MP: 4/4
  1435 | D:2      | Reached skill level 4 in Fighting
  1441 | D:2      | Acquired Trog's second power
  1700 | D:3      | Found a shadowy altar of Dithmenos.
  1736 | D:3      | Reached skill level 1 in Stealth
  1874 | D:3      | Found a stormy altar of Qazlal.
  1905 | D:3      | You fall through a shaft!
  1908 | D:6      | Found a white marble altar of Elyvilon.
  1945 | D:6      | Reached skill level 1 in Shields
  1945 | D:6      | Reached XP level 5. HP: 29/46 MP: 5/5
  1989 | D:6      | HP: 1/46 [wight/short sword (2)]
  1990 | D:6      | Slain by a wight

Action                   |  1- 3 |  4- 6 || total
-------------------------+-------+-------++-------
Melee: Falchion          |    15 |       ||    15
       Dagger            |    64 |   101 ||   165
Invok: Burn Spellbooks   |       |     1 ||     1
       Berserk           |       |     1 ||     1
       Trog's Hand       |       |     1 ||     1
 Abil: Evoke Teleportati |       |     1 ||     1
  Use: Scroll            |     6 |     2 ||     8
       Potion            |       |     4 ||     4
 Stab: Sleeping          |     1 |       ||     1
  Eat: Chunk             |     2 |     2 ||     4
       Fruit             |       |     1 ||     1
